 Dungeon Crawl Stone Soup version 0.31-a0-188-g5e087ee2ca (webtiles) character file.

Game seed: 15181990918978752920

164 qw the Skirmisher (level 5, -1/29 HPs)
             Began as a Deep Elf Hunter on June 23, 2023.
             Slain by an iguana (7 damage)
             ... on level 3 of the Dungeon.
             The game lasted 00:00:44 (1414 turns).

qw the Skirmisher (Deep Elf Hunter)                 Turns: 1414, Time: 00:00:44

Health: -1/29      AC:  6    Str: 10    XL:     5   Next: 21%
Magic:  7/7        EV: 11    Int: 14    God:
Gold:   102        SH:  0    Dex: 18    Spells: 4/4 levels left

rFire   . . .        Y - +1 shortbow
rCold   . . .        (shield currently unavailable)
rNeg    . . .        m - +0 ring mail
rPois   .            (no helmet)
rElec   .            (no cloak)
rCorr   .            (no gloves)
SInv    .            k - +0 pair of boots
Will    .....        (no amulet)
Stlth   +            (no ring)
HPRegen 0.24/turn    (no ring)
MPRegen 0.10/turn

%: no passive effects
@: no status effects
A: no striking features
a: no special abilities


You were on level 3 of the Dungeon.
You visited 1 branch of the dungeon, and saw 3 of its levels.

You collected 102 gold pieces.


   Skills:
 - Level 1.5 Fighting
 + Level 8.7 Ranged Weapons
 - Level 2.4 Dodging
 - Level 1.2 Stealth


You had 4 spell levels left.
You didn't know any spells.
Your spell library was empty.

Inventory:

Hand Weapons
 Y - a +1 shortbow (weapon)
Armour
 k - a +0 pair of boots (worn)
 m - a +0 ring mail (worn)
Potions
 a - a potion of enlightenment {unknown}
 b - a potion of cancellation {unknown}
 d - a potion of degeneration {unknown}
 e - a potion of haste {unknown}
 h - a potion of heal wounds {unknown}
 i - a potion of invisibility {unknown}
 j - a potion of experience {unknown}

Dungeon Overview and Level Annotations

Branches:
Dungeon (3/15)

Altars:
The Shining One


Message History

You shoot an arrow. The arrow hits the bat.
You kill the bat!
You start resting.
An orc wizard comes into view. It is wielding a +0 dagger.
You shoot an arrow. The orc wizard shouts!
The arrow hits the orc wizard!
The orc wizard is heavily wounded.
The orc wizard casts a spell at you.
You are confused.
An orc wizard comes into view. It is wielding a +0 dagger.
The orc wizard gestures at you while chanting.
You resist with some effort.
The orc wizard points at you and mumbles some strange words.
The puff of flame hits you!
An iguana comes into view.
The iguana hisses angrily.
The orc wizard gestures at you while chanting.
You resist with some effort.
An orc comes into view. It is wielding a +0 mace.
You feel less confused.
An orc comes into view. It is wielding a +0 short sword.
You shoot an arrow. The arrow hits the orc wizard!
You kill the orc wizard!
You shoot an arrow. The arrow hits the orc wizard.
The orc wizard is heavily wounded.
The orc wizard misses you.
You shoot an arrow. The arrow barely misses the orc wizard.
The arrow hits the iguana but does no damage.
The orc wizard hits you but does no damage.
The orc wizard closely misses you.
The iguana bites you but does no damage.
You shoot an arrow. The arrow hits the orc wizard.
The orc wizard is severely wounded.
The iguana bites you!
You shoot an arrow. The arrow hits the orc wizard.
You kill the orc wizard!
The orc closely misses you. The orc hits you with a +0 short sword.
The iguana bites you!
You die...

# ... .#
##.##..##.# ##
..........# ##8#
....#.....##8...
..........##....
..........#_...
..?...o)..##...
#...o@..#
#...l...#
#.#.#.#.##########
#.#.#.##.#........
#.#..........###..
#.#...........#
#.#.......#.#....
#.#.............#
#.###.##..#.#.....


You could see an iguana and 2 orcs.

Vanquished Creatures
  3 orc wizards (D:3)
  3 adders (D:2)
  An adder zombie (D:2)
  2 adder skeletons (D:2)
  A worm (D:2)
  4 dart slugs
  3 ball pythons
  9 bats
  A bat skeleton (D:2)
  3 bat zombies (D:2)
  6 endoplasms
  2 giant cockroaches
  4 goblins
  6 hobgoblins
  5 kobolds
  3 quokkas (D:2)
  A ball python skeleton (D:2)
  A ball python zombie (D:2)
  4 frilled lizards
  A jackal skeleton (D:2)
  A quokka skeleton (D:2)
  A quokka zombie (D:2)
  4 rats
69 creatures vanquished.

Notes
Turn   | Place    | Note
-------+----------+-------------------------------------------
     0 | D:1      | qw the Deep Elf Hunter began the quest for the Orb.
     0 | D:1      | Reached XP level 1. HP: 12/12 MP: 3/3
     0 | D:1      | 0 ||| qw: Version: 0.3-a-9-g12657ce
     0 | D:1      | 0 ||| qw: Game counter: 4301
     0 | D:1      | 0 ||| qw: Always use a shield: true
     0 | D:1      | 0 ||| qw: God list: Okawaru
     0 | D:1      | 0 ||| qw: Allow faded altars: false
     0 | D:1      | 0 ||| qw: Do Orc after D:15 true
     0 | D:1      | 0 ||| qw: Do second Lair branch before Depths: true
     0 | D:1      | 0 ||| qw: Lair rune preference: random
     0 | D:1      | 0 ||| qw: Plans: Normal
     0 | D:1      | 0 ||| PLANNING D:1-11
    80 | D:1      | Reached skill level 6 in Ranged Weapons
    80 | D:1      | Reached XP level 2. HP: 16/16 MP: 4/4
   112 | D:1      | 112 ||| DROPPING +1 sling of flaming.
   298 | D:1      | Found a faded altar of an unknown god.
   369 | D:1      | Reached XP level 3. HP: 20/20 MP: 5/5
   600 | D:1      | 600 ||| READING scroll labelled GUISKU YRUCLA.
   616 | D:1      | 616 ||| READING scroll labelled VOECVOILEO.
   619 | D:1      | 619 ||| DROPPING scroll of butterflies.
   760 | D:2      | 760 ||| Stepping ~*~*~tactically~*~*~ (outnumbered).
   763 | D:2      | Reached skill level 7 in Ranged Weapons
   845 | D:2      | Reached XP level 4. HP: 25/25 MP: 6/6
  1234 | D:2      | Reached skill level 8 in Ranged Weapons
  1299 | D:2      | 1299 ||| UPGRADING to +0 scale mail.
  1309 | D:2      | 1309 ||| DROPPING +0 leather armour.
  1310 | D:2      | 1310 ||| UPGRADING to +0 pair of boots.
  1315 | D:2      | 1315 ||| UPGRADING to +0 ring mail.
  1325 | D:2      | 1325 ||| DROPPING +0 scale mail.
  1326 | D:2      | 1326 ||| DROPPING amulet of magic regeneration.
  1327 | D:2      | 1327 ||| READING scroll labelled CAASIR EWNI.
  1332 | D:2      | 1332 ||| READING scroll labelled NUITOJ UHAALOU.
  1333 | D:2      | 1333 ||| READING 3 scrolls labelled ROKUITH VOEXOKOKH.
  1334 | D:2      | 1334 ||| DROPPING 2 scrolls of blinking.
  1376 | D:3      | Found a glowing golden altar of the Shining One.
  1393 | D:3      | Reached XP level 5. HP: 24/29 MP: 7/7
  1414 | D:3      | HP: 6/29 [orc/+0 short sword (3)]
  1414 | D:3      | Slain by an iguana

Levels and vault maps discovered:
D:1:      lightli_molten_gateway, layout_basic,
          ebering_ecumenical_altar_abandoned
D:2:      layout_basic, serial_undead, serial_undead_c, serial_undead_a,
          serial_undead_c, serial_undead_e, serial_undead_a, serial_undead_b,
          serial_undead_e, serial_undead_e, serial_undead_b, serial_undead_c,
          minmay_misc_feat_alley, hangedman_decor_diamond_cutter
D:3:      layout_rooms, nicolae_overflow_hidden_temple, serial_shops, shop,
          shop_fountains, nicolae_diamond_shop, nicolae_shop_real_fake_doors,
          serial_co_window_serial, co_window_paths_b, co_window_paths_b,
          co_window_paths_b, co_window_paths_a, co_window_corner_a,
          co_window_of_opportunity_b, co_window_2corner,
          co_window_unsneaky_path_e, co_window_unsneaky_path_c,
          co_window_broadway_a, co_window_of_opportunity_c, glass_columns_a,
          glass_columns_c, nicolae_grassy_gnolls

Skill      XL: |  1  2  3  4 |
---------------+-------------+-----
Ranged Weapons | 6 7 8 |  8.7
Fighting       | |  1.5
Dodging        | |  2.4
Stealth        | |  1.2

Action                     |  1- 3 |  4- 6 || total
---------------------------+-------+-------++-------
   Fire: Shortbow          |   101 |    52 ||   153
    Use: Scroll            |     2 |     3 ||     5
 Armour: Leather armour    |    15 |       ||    15
         Ring mail         |       |     3 ||     3
  Dodge: Dodged            |    42 |     7 ||    49

Table legend:
 A = Non-vault XP
 B = Vault XP
 C = Vault XP percentage of total XP
 D = Non-vault monster count
 E = Vault monster count
 F = Vault count percentage of total count
                 A         B        C        D         E       F
            +---------+---------+-------+---------+---------+-------
      Total |     241 |      29 |  10.7 |      57 |      12 |  17.4
            +---------+---------+-------+---------+---------+-------
        D:1 |      54 |       0 |   0.0 |      29 |       0 |   0.0
        D:2 |      76 |      29 |  27.6 |      21 |      12 |  36.4
        D:3 |     111 |       0 |   0.0 |       7 |       0 |   0.0
            +---------+---------+-------+---------+---------+-------
